 Dungeon Crawl Stone Soup version 0.26.0-10-g1f06aea511 (webtiles) character file.

Game seed: 1351128694361821580

1444671 Dani the Englaciator (level 27, 231/231 HPs)
             Began as a Green Draconian Venom Mage on Jan 31, 2021.
             Was a High Priest of Sif Muna.
             Escaped with the Orb
             ... and 3 runes!
             The game lasted 04:50:09 (116524 turns).

Dani the Englaciator (Green Draconian Venom Mage) Turns: 116524, Time: 04:50:10

Health: 231/231    AC: 28    Str: 10    XL:     27
Magic:  44/64      EV: 23    Int: 34    God:    Sif Muna [*****.]
Gold:   2025       SH: 25    Dex: 15    Spells: 24/65 levels left

rFire    + . .     SeeInvis .   b - staff of cold
rCold    + + +     Faith    .   k - +5 kite shield {AC+3}
rNeg     . . .     Spirit   .   (armour unavailable)
rPois    +         Reflect  +   (helmet restricted)
rElec    +         Harm     .   y - +2 cloak {Will+}
rCorr    .         Rampage  .   O - +5 pair of gloves of Wuestrip {rC+ MP+9}
Will     +++..     Clarity  +   C - +2 pair of boots {Stlth+}
Stlth    ++........             W - amulet of Life {Reflect rElec rC+ SH+5}
HPRegen  0.48/turn              J - +6 ring of intelligence
MPRegen  0.39/turn              o - ring "Zehes" {*Drain rF+ rC+ MP+9}

@: no status effects
A: breathe noxious fumes, unfitting armour, stinger 1, agile 1, clarity, poison
resistance, cold-blooded, AC +13
0: Orb of Zot
}: 3/15 runes: decaying, silver, gossamer
a: Breathe Noxious Fumes, Renounce Religion, Channel Magic, Forget Spell, Divine
Exegesis


You escaped.
You worshipped Sif Muna.
Sif Muna was extremely pleased with you.
You visited 10 branches of the dungeon, and saw 50 of its levels.
You visited the Abyss 1 time.
You visited 1 bazaar.
You also visited: Volcano and Wizlab.

You collected 11282 gold pieces.
You spent 7710 gold pieces at shops.
You paid 1547 gold pieces to Gozag.

Inventory:

Hand Weapons
 a - the +4 quick blade of the Iron City of Dis {chaos, +Blink}
   (You bought it in a shop on level 9 of the Dungeon)

   Each time it hits an enemy it has a different, random effect.
   It lets you blink.
Armour
 k - a +5 kite shield of protection (worn)
   (You took it off a tengu warrior on level 15 of the Dungeon)
 y - a +2 cloak of willpower (worn)
   (You bought it in a shop on level 1 of the Vaults)
 C - a +2 pair of boots of stealth (worn)
   (You acquired it on level 12 of the Dungeon)
 O - the +5 pair of gloves of Wuestrip (worn) {rC+ MP+9}
   (You acquired it on level 1 of the Vaults)

   It protects you from cold.
   It affects your magic capacity (+9).
Magical Staves
 b - an uncursed staff of cold (weapon)
   (You found it on level 4 of the Depths)
Jewellery
 c - an uncursed ring of willpower
   (You found it on level 4 of the Swamp)
 h - the ring "Ickoalab" {rF+ rC+ Dex+2}
   (You found it on level 5 of the Depths)

   [ring of protection from cold]

   It affects your dexterity (+2).
   It protects you from fire.
   It protects you from cold.
 o - the ring "Zehes" (right hand) {*Drain rF+ rC+ MP+9}
   (You acquired it on level 3 of the Swamp)

   [ring of magical power]

   It protects you from fire.
   It protects you from cold.
   It affects your magic capacity (+9).
   It causes draining when unequipped.
 r - the ring "Huhesu" {rElec rC+ rCorr Str+3 Dex-3}
   (You took it off a salamander on level 4 of the Depths)

   [ring of resist corrosion]

   It affects your strength (+3).
   It affects your dexterity (-3).
   It protects you from cold.
   It insulates you from electricity.
   It provides partial protection from all sources of acid and corrosion.
 s - an uncursed ring of see invisible
   (You found it on level 1 of the Dungeon)
 x - an uncursed ring of positive energy
   (You found it on level 14 of the Dungeon)
 J - a +6 ring of intelligence (left hand)
   (You found it on level 8 of the Dungeon)
 W - the amulet of Life (around neck) {Reflect rElec rC+ SH+5}
   (You bought it in a shop on level 3 of the Elven Halls)

   [amulet of reflection]

   It shields you and reflects attacks.
   It protects you from cold.
   It insulates you from electricity.
   It affects your SH (+5).
Wands
 d - a wand of polymorph (7)
   (You found it on level 3 of the Realm of Zot)
 e - a wand of disintegration (33)
   (You found it on level 4 of the Dungeon)
 A - a wand of acid (27)
   (You found it on level 3 of the Lair of Beasts)
 D - a wand of digging (17)
   (You bought it in a shop in a bazaar)
 I - a wand of iceblast (31)
   (You found it on level 9 of the Dungeon)
Scrolls
 g - 10 scrolls of amnesia
 m - 2 scrolls of enchant weapon
 n - 15 scrolls of fog
 u - 3 scrolls of summoning
 B - 6 scrolls of blinking
 F - 5 scrolls of brand weapon
 L - 2 scrolls of holy word
 M - 5 scrolls of magic mapping
 N - 33 scrolls of remove curse {@r2}
 R - 31 scrolls of identify {@r1}
 T - 26 scrolls of teleportation
 V - 2 scrolls of silence
 Y - 15 scrolls of fear
 Z - 12 scrolls of enchant armour
Potions
 i - 13 potions of might
 j - 6 potions of resistance
 l - 5 potions of ambrosia
 p - 5 potions of cancellation
 q - 4 potions of invisibility
 t - 4 potions of magic
 v - 10 potions of attraction
 w - 7 potions of mutation {!q}
 z - 11 potions of flight
 H - 5 potions of haste
 K - 10 potions of brilliance
 P - 2 potions of berserk rage
 Q - 21 potions of curing {@q1}
 S - 11 potions of heal wounds
Miscellaneous
 f - a tin of tremorstones (2/2)
   (You found it on level 3 of the Elven Halls)
 E - a condenser vane
   (You found it on level 1 of the Vaults)
 G - a phantom mirror
   (You found it on level 4 of the Vaults)
 U - a box of beasts
   (You found it on level 2 of the Elven Halls)
 X - a phial of floods
   (You found it on level 3 of the Elven Halls)


   Skills:
 + Level 16.1 Fighting
 - Level 8.0 Short Blades
 + Level 17.1 Staves
 + Level 14.8 Dodging
 - Level 13.0 Stealth
 + Level 19.7 Shields
 + Level 19.5 Spellcasting
 - Level 1.0 Transmutations
 O Level 27 Ice Magic
 - Level 3.5 Air Magic
 - Level 8.0 Poison Magic
 + Level 17.0 Invocations
 - Level 9.0 Evocations


You had 24 spell levels left.
You knew the following spells:

 Your Spells              Type           Power        Failure   Level
a - Sting                 Tmut/Pois      100%         1%          1
b - Poisonous Vapours     Pois/Air       100%         1%          2
c - Mephitic Cloud        Conj/Pois/Air  56%          1%          3
d - Olgreb's Toxic Radia  Pois           73%          1%          4
e - Ignite Poison         Fire/Tmut/Pois 52%          1%          3
f - Ozocubu's Refrigerat  Ice            72%          0%          6
g - Ozocubu's Armour      Ice            100%         0%          3
h - Frozen Ramparts       Ice            100%         0%          3
i - Absolute Zero         Ice            72%          1%          9
j - Summon Ice Beast      Ice/Summ       100%         1%          4
k - Conjure Flame         Conj/Fire      33%          3%          3

Your spell library contained the following spells:

 Spells                   Type           Power        Failure   Level
 Freeze                   Ice            100%         0%          1
 Ensorcelled Hibernation  Hex/Ice        100%         0%          2
 Animate Skeleton         Necr           66%          1%          1
 Apportation              Tloc           66%          1%          1
 Beastly Appendage        Tmut           80%          1%          1
 Corona                   Hex            36%          1%          1
 Foxfire                  Conj/Fire      100%         1%          1
 Magic Dart               Conj           100%         1%          1
 Pain                     Necr           100%         1%          1
 Sandblast                Erth           66%          1%          1
 Shock                    Conj/Air       100%         1%          1
 Summon Small Mammal      Summ           100%         1%          1
 Blink                    Tloc           N/A          1%          2
 Call Imp                 Summ           33%          1%          2
 Corpse Rot               Necr/Air       N/A          1%          2
 Passwall                 Tmut/Erth      30%          1%          2
 Searing Ray              Conj           66%          1%          2
 Slow                     Hex            33%          1%          2
 Sublimation of Blood     Necr           16%          1%          2
 Swiftness                Air            55%          1%          2
 Wereblood                Tmut           40%          1%          2
 Spider Form              Tmut/Pois      29%          1%          3
 Static Discharge         Conj/Air       45%          1%          3
 Hailstorm                Conj/Ice       100%         1%          4
 Ice Form                 Ice/Tmut       100%         1%          4
 Metabolic Englaciation   Hex/Ice        56%          1%          5
 Simulacrum               Ice/Necr       56%          1%          6
 Airstrike                Air            27%          2%          4
 Freezing Cloud           Conj/Ice/Air   50%          2%          6
 Call Canine Familiar     Summ           33%          3%          3
 Confusing Touch          Hex            33%          3%          3
 Dazzling Flash           Conj/Hex       66%          3%          3
 Gell's Gravitas          Tloc           16%          3%          3
 Inner Flame              Hex/Fire       33%          3%          3
 Lesser Beckoning         Tloc           16%          3%          3
 Portal Projectile        Hex/Tloc       66%          3%          3
 Stone Arrow              Conj/Erth      66%          3%          3
 Summon Guardian Golem    Hex/Summ       33%          3%          3
 Teleport Other           Tloc           33%          3%          3
 Tukima's Dance           Hex            33%          3%          3
 Vampiric Draining        Necr           16%          3%          3
 Summon Lightning Spire   Summ/Air       45%          4%          4
 Alistair's Intoxication  Tmut/Pois      39%          4%          5
 Petrify                  Tmut/Erth      36%          9%          4
 Animate Dead             Necr           16%          10%         4
 Cause Fear               Hex            16%          10%         4
 Fulminant Prism          Conj/Hex       16%          10%         4
 Iskenderun's Mystic Bla  Conj/Tloc      33%          10%         4
 Leda's Liquefaction      Hex/Erth       16%          10%         4
 Passage of Golubria      Tloc           N/A          10%         4
 Sticky Flame             Conj/Fire      33%          10%         4
 Lightning Bolt           Conj/Air       22%          14%         5
 Silence                  Hex/Air        22%          14%         5
 Blade Hands              Tmut           20%          19%         5
 Irradiate                Conj/Tmut      18%          22%         5
 Yara's Violent Unravell  Hex/Tmut       18%          22%         5
 Eringya's Noxious Bog    Tmut/Pois      29%          24%         6
 Bolt of Magma            Conj/Fire/Erth 16%          28%         5
 Borgnjor's Vile Clutch   Necr/Erth      16%          28%         5
 Fireball                 Conj/Fire      16%          28%         5
 Iskenderun's Battlesphe  Conj           33%          28%         5
 Lee's Rapid Deconstruct  Erth           16%          28%         5
 Summon Demon             Summ           16%          28%         5
 Summon Forest            Summ/Tloc      16%          28%         5
 Summon Mana Viper        Hex/Summ       33%          28%         5
 Conjure Ball Lightning   Conj/Air       22%          58%         6
 Hydra Form               Tmut           20%          69%         6
 Statue Form              Tmut/Erth      24%          77%         6
 Death Channel            Necr           16%          83%         6
 Dispersal                Tloc           16%          83%         6
 Invisibility             Hex            33%          83%         6
 Iron Shot                Conj/Erth      16%          83%         6
 Shadow Creatures         Summ           N/A          83%         6
 Starburst                Conj/Fire      16%          83%         6
 Dragon Form              Tmut           20%          99%         7
 Haunt                    Necr/Summ      16%          100%        7
 Orb of Destruction       Conj           16%          100%        7
 Spellforged Servitor     Conj/Summ      16%          100%        7
 Summon Hydra             Summ           16%          100%        7
 Borgnjor's Revivificati  Necr           16%          100%        8
 Chain Lightning          Conj/Air       22%          100%        8
 Discord                  Hex            16%          100%        8
 Disjunction              Tloc           16%          100%        8
 Ignition                 Fire           16%          100%        8
 Lehudib's Crystal Spear  Conj/Erth      16%          100%        8
 Necromutation            Tmut/Necr      18%          100%        8
 Fire Storm               Conj/Fire      16%          100%        9
 Tornado                  Air            27%          100%        9


Dungeon Overview and Level Annotations

Branches:
Dungeon (15/15)            Temple (1/1) D:4            Lair (6/6) D:9
  Swamp (4/4) Lair:3       Spider (4/4) Lair:3        Slime (0/5) Lair:6
    Orc (2/2) D:10            Elf (3/3) Orc:2        Vaults (5/5) D:13
  Crypt (0/3) Vaults:3     Depths (5/5) D:15            Zot (5/5) Depths:5
Volcano (visited)          WizLab (visited)

Altars:
Ashenzari
Cheibriados
Dithmenos
Elyvilon
Fedhas
Gozag
Hepliaklqana
Makhleb
Nemelex Xobeh
Okawaru
Qazlal
Ru
Sif Muna
Trog
Vehumet
Wu Jian
Xom
Yredelemnul
Zin
The Shining One
Beogh

Shops:
D:5 :   D:7 (   D:9 (   D:10 !   D:12 :   Orc:1 [   Orc:2 [:(   Elf:3 =
Vaults:1 *[   Vaults:2 *   Vaults:3 [   Depths:1 (([(

Portals:
Hell: Depths:1 Depths:2 Depths:3 Depths:4 Depths:5
Abyss: Depths:3 Depths:4 Depths:5
Pandemonium: Depths:3
Ziggurat: Depths:3

Annotations:
D:1 exclusions: gnoll and 1 more exclusion
D:4 2 transporters, StoneSoupSpirit's ghost, amateur DsCK
Elf:1 exclusion: door
Elf:2 3 runed translucent doors
Depths:4 4 runed translucent doors, exclusions: door and 2 more exclusions
Zot:4 1 transporter


Innate Abilities, Weirdness & Mutations

You can breathe blasts of noxious fumes.
Your lurid green scales are hard. (AC +13)
You cannot fit into any form of body armour.
Your tail ends in a poisonous barb.
Your system is resistant to poisons. (rPois)
You are cold-blooded and may be slowed by cold attacks.
You are agile. (Dex +2)
You possess an exceptional clarity of mind.


Message History

Things that are here:
a +0 leather armour; a cursed +0 club
There is an open door here.
There is an open door here.
A hellion comes into view.
Casting: Absolute Zero (dangerous; 1% risk of failure)
Confirm with . or Enter, or press ? or * to list all spells.
Okay, then.
You feel a surge of power!
The heat is drained from your surroundings.
You resist.
You feel very cold.
The hellion is frozen.
You kill the hellion!
Sif Muna accepts your kill.
(D) Dungeon (T) Temple (L) Lair (S) Swamp (N) Spider Nest (M) Slime Pits (O) Orcish Mines (E) Elven Halls (V) Vaults (C) Crypt (U) Depths (H) Hell (Z) Zot
Where to? (Enter - D:1, ? - help)
A sixfirhy, 2 orange demons and a cacodemon come into view.
You feel a surge of power!
The heat is drained from your surroundings.
You resist.
You feel very cold.
The cacodemon, the sixfirhy and the orange demons are frozen.
The cacodemon is moderately wounded.
You kill the sixfirhy!
Sif Muna accepts your kill.
The orange demon is severely wounded.
The orange demon is almost dead.
Your Invocations skill increases to level 17!
You feel a surge of power!
The heat is drained from your surroundings.
You resist.
You feel very cold.
The cacodemon and the orange demons are frozen.
The cacodemon is severely wounded.
You kill the orange demon!
Sif Muna accepts your kill.
You kill the orange demon!
Sif Muna accepts your kill.
Casting: Ozocubu's Refrigeration (safe; 0% risk of failure)
Confirm with . or Enter, or press ? or * to list all spells.
Casting: Absolute Zero (dangerous; 1% risk of failure)
Press: ? - help, Dir - look around, f - activate You feel a surge of power!
You chill the cacodemon to absolute zero!
The cacodemon is frozen into a solid block of ice!
You kill the cacodemon!
Sif Muna accepts your kill.
(D) Dungeon (T) Temple (L) Lair (S) Swamp (N) Spider Nest (M) Slime Pits (O) Orcish Mines (E) Elven Halls (V) Vaults (C) Crypt (U) Depths (H) Hell (Z) Zot
Where to? (Enter - D:1, ? - help)
There is a stone staircase leading up, spattered with blood here.
You climb upwards.
There is a stone staircase leading down here.
There is a stone staircase leading up here.
You climb upwards.
You can drink potions again.
There is a stone staircase leading down here.
Things that are here:
a +0 ring mail; a +0 club
There is a stone staircase leading up here.
You climb upwards.
Level annotation: exclusions: gnoll and 1 more exclusion
There is a stone staircase leading down here.
An ice devil comes into view.
Casting: Absolute Zero (dangerous; 1% risk of failure)
Confirm with . or Enter, or press ? or * to list all spells.
Casting: Absolute Zero (dangerous; 1% risk of failure)
Press: ? - help, Dir - look around, f - activate You feel a surge of power!
You chill the ice devil to absolute zero!
The ice devil is frozen into a solid block of ice!
You kill the ice devil!
Sif Muna accepts your kill.
Evoke which item? (* to show all) (? for menu, Esc to quit)
Aiming: Dig
Press: ? - help, Shift-Dir - straight line You can't see that place. [a rock wall.]
The rock shatters into small pieces.
Xeshros comes into view. It is armed with an electric touch.
You block Xeshros's attack.
Casting: Absolute Zero (dangerous; 1% risk of failure)
Confirm with . or Enter, or press ? or * to list all spells.
Casting: Absolute Zero (dangerous; 1% risk of failure)
Press: ? - help, Dir - look around, f - activate You feel a surge of power!
You chill Xeshros to absolute zero!
Xeshros is frozen into a solid block of ice!
You kill Xeshros!
Sif Muna accepts your kill.
Evoke which item? (* to show all) (? for menu, Esc to quit)
Aiming: Dig
Press: ? - help, Shift-Dir - straight line A rock wall.
This square is covered in magical glow.
The rock shatters into small pieces.
There is a staircase leading out of the dungeon here.
Okay, then.
You have escaped!

#...# ##.......#
##### ###..#.....#
##..#.##....#
##.##.....>...
##.#######..#..
##.## #...... ##.##
##..###. ### #####
##.## #.......
##.####.≈.######@##
####.......
#.≈.##.≈.≈.#P.≈..#
#..........
.≈≈≈..≈≈≈≈≈..≈..P#
####.......
≈≈≈≈≈≈≈≈≈≈≈≈≈≈≈.≈#
###.......
≈≈≈≈≈≈≈≈≈≈≈≈≈≈≈≈≈#
#.........
≈≈≈≈≈≈≈≈≈≈≈≈≈≈≈≈≈#
#...######
.≈P≈≈≈≈≈≈≈≈≈≈≈≈≈≈#
#...#
P.≈≈P≈≈P≈≈P≈≈≈≈≈≈#
#...#
##################
#####


There were no monsters in sight!

Vanquished Creatures
  4 pandemonium lords
  Tiamat (Zot:1)
  3 ancient liches
  8 orbs of fire
  A juggernaut (Depths:2)
  The ghost of Qosocwocy the Axe Maniac, a legendary FoMo of Okawaru (Zot:2)
  Boris (twice) (Vaults:3 Depths:2)
  4 shard shrikes (Zot:2)
  4 Killer Klowns
  A curse toe (Zot:2)
  2 caustic shrikes (Zot:2)
  Xtahua (Depths:5)
  14 golden dragons
  Nikola (Vaults:1)
  3 electric golems
  17 tentacled monstrosities
  Rupert (D:15)
  8 liches
  An Ice Fiend (Depths:2)
  Asterion (Depths:2)
  26 Orb Guardians
  6 titans
  9 quicksilver dragons
  2 deep elf blademasters (Elf:3)
  A deep elf master archer (Elf:3)
  5 acid blobs (Depths:5)
  8 death cobs
  2 thorn hunters (Swamp:4)
  3 sphinxes
  Frances (Swamp:1)
  Kirke (Lair:4)
  13 tengu reavers
  18 shadow dragons
  14 storm dragons
  5 azure jellies (Depths:5)
  5 draconian monks
  6 emperor scorpions
  2 draconian knights
  Louise (Swamp:3)
  2 draconian scorchers
  3 deep elf sorcerers
  13 fire giants
  A cacodemon (D:4)
  16 frost giants
  8 ghost moths
  12 vault wardens
  A balrug (Depths:5)
  3 iron dragons
  5 draconian annihilators
  A draconian stormcaller (Zot:1)
  7 deep elf elementalists
  2 spriggan defenders (Depths:3)
  A reaper (Depths:3)
  24 very ugly things
  11 ironheart preservers
  2 war gargoyles
  8 draconian shifters
  7 deep elf demonologists
  Nessos (Lair:6)
  6 purple draconians
  6 green draconians
  9 yellow draconians
  3 vampire knights
  22 stone giants
  9 black draconians
  9 deep elf annihilators
  9 entropy weavers
  10 red draconians
  7 white draconians
  9 spark wasps
  Azrael (D:15)
  3 bunyips
  An ettin (shapeshifter) (Vaults:5)
  An orange crystal statue (WizLab)
  22 ettins
  8 deep elf death magi
  15 fire dragons
  Snorg (Lair:3)
  3 death oozes (Depths:5)
  A ragged hierophant (Vaults:1)
  3 jiangshi (Depths:3)
  A great orb of eyes (shapeshifter) (Depths:2)
  15 great orbs of eyes
  29 vault guards
  14 yaktaur captains
  2 rakshasas
  8 deep elf high priests
  13 ice dragons
  27 hydras
  4 catoblepae
  A ghost crab (Swamp:2)
  7 spriggan air magi
  11 centaur warriors
  8 boulder beetles
  31 two-headed ogres
  19 dancing weapons
  7 alligators
  A two-headed ogre (shapeshifter) (Elf:1)
  11 ogre magi
  A satyr (shapeshifter) (Depths:4)
  8 death scarabs (Spider:4)
  8 death yaks
  3 vampire magi
  2 hell hogs (Depths:2)
  12 deep troll shamans
  A queen ant (Spider:1)
  9 spriggan berserkers
  5 tengu warriors
  5 deep troll earth magi
  7 hell knights (Depths:3)
  Sonja (Lair:5)
  15 deep elf knights
  A sun demon (Depths:5)
  A soul eater (Depths:5)
  Nergalle (Lair:2)
  2 shadow wraiths
  A sixfirhy (D:4)
  4 iron trolls
  4 goliath frogs
  A titan skeleton (Depths:3)
  A spriggan druid (Swamp:2)
  22 deep trolls
  6 large abominations
  4 unseen horrors
  An unseen horror (shapeshifter) (Elf:2)
  8 skeletal warriors (Vaults:3)
  11 swamp dragons
  3 salamander mystics (Depths:4)
  An infernal demonspawn (Depths:3)
  5 bog bodies
  A lindwurm (Lair:6)
  12 ironbrand convokers
  4 flayed ghosts
  4 wizards
  3 harpies (Vaults:1)
  23 deep elf archers
  A sphinx zombie (Depths:3)
  12 necromancers
  10 orc knights
  2 shadow dragon zombies (Depths:3)
  A lindwurm (shapeshifter) (Depths:5)
  3 tengu zombies
  25 wolf spiders
  A stone giant zombie (Vaults:5)
  A wolf spider zombie (Spider:4)
  9 oklob plants
  A tengu skeleton (Vaults:3)
  59 deep elf magi
  4 will-o-the-wisps
  A spectral wolf spider (Spider:4)
  A fire giant zombie (Vaults:1)
  A frost giant zombie (Depths:3)
  4 orc sorcerers
  2 cyclopes
  A sphinx skeleton (Vaults:3)
  A moth of wrath (shapeshifter) (Depths:5)
  21 orb spiders
  61 ugly things
  8 elephants
  2 manticores
  34 moths of wrath
  A toenail golem (Depths:5)
  A guardian serpent (shapeshifter) (Vaults:5)
  3 fire giant skeletons
  A frost giant skeleton (Vaults:3)
  2 spriggan zombies (Depths:3)
  7 centaur zombies
  A stone giant skeleton (Vaults:3)
  Psyche (D:8)
  11 salamanders
  5 black mambas
  A water nymph (shapeshifter) (Vaults:5)
  A titan simulacrum (Depths:3)
  3 gargoyles
  A black mamba (shapeshifter) (Vaults:4)
  18 cane toads
  5 spectral swamp worms (Depths:1)
  2 torpor snails
  27 vault sentinels
  A storm dragon simulacrum (Depths:3)
  3 efreet
  2 spectral redbacks (Spider:4)
  A hellion (D:4)
  3 orange demons
  45 yaktaurs
  A yaktaur zombie (Vaults:5)
  3 kobold demonologists
  5 rime drakes
  5 freezing wraiths
  A tormentor (Depths:4)
  11 demonic crawlers
  A yaktaur skeleton (Vaults:3)
  11 komodo dragons
  A hellwing (Depths:4)
  A red devil (Depths:5)
  A troll (shapeshifter) (Depths:1)
  2 human skeletons (Vaults:3)
  A redback zombie (Spider:4)
  2 ice devils
  42 jumping spiders
  2 tengu conjurers
  A meliai (shapeshifter) (Depths:4)
  5 trolls
  An ancient zyme (Abyss:3)
  3 meliai (Spider:4)
  2 merfolk (shapeshifter)
  3 spectral tarantellas (Spider:4)
  7 polar bears
  Prince Ribbit (D:5)
  18 blink frogs
  2 jumping spiders (shapeshifter) (Depths:3)
  22 hornets
  A tengu simulacrum (Vaults:5)
  2 polar bears (shapeshifter)
  3 saltlings (Vaults:1)
  42 slime creatures
  2 spectral jumping spiders (Spider:4)
  8 tyrant leeches
  A wind drake (shapeshifter) (Vaults:3)
  2 tarantella zombies (Spider:4)
  A raiju (shapeshifter) (D:14)
  5 dream sheep (Lair:6)
  3 jumping spider zombies (Spider:4)
  A stone giant simulacrum (Vaults:3)
  A dream sheep (shapeshifter) (Depths:3)
  A frost giant simulacrum (Vaults:5)
  2 air elementals (Elf:1)
  A shadow (D:15)
  6 water elementals
  40 tarantellas
  14 spriggans
  4 wraiths
  82 redbacks
  4 wyverns
  A hog (Lair:4)
  A vampire (D:11)
  2 yaks (shapeshifter)
  2 basilisks
  50 yaks
  A basilisk (shapeshifter) (Depths:5)
  10 fire elementals
  A steam dragon (Lair:3)
  Menkaure (D:7)
  5 wargs
  7 small abominations (Depths:1)
  2 deep troll zombies (Vaults:5)
  13 water moccasins
  4 acid dragons
  27 soldier ants (Spider:1)
  16 swamp worms
  3 floating eyes
  9 hell hounds
  4 swamp drakes (Swamp:4)
  4 black bears
  3 ice beasts
  50 orc warriors
  8 sky beasts
  A necrophage (D:13)
  A spectral hornet (Spider:4)
  2 eyes of draining
  2 deep troll skeletons (Vaults:3)
  4 phantoms
  29 centaurs
  An ettin simulacrum (Vaults:5)
  28 ogres
  10 wolves
  5 boggarts (Depths:4)
  An elf simulacrum (Vaults:1)
  An orc skeleton (Vaults:1)
  A big kobold (shapeshifter) (Vaults:5)
  5 big kobolds
  Blork the orc (D:4)
  18 bullfrogs
  4 earth elementals
  7 gnoll sergeants (D:10)
  8 scorpions
  2 human simulacra
  9 killer bees
  7 wights
  The ghost of StoneSoupSpirit the Chopper, a weakling DsCK of Xom (D:5)
  5 electric eels
  A howler monkey (D:6)
  A bullfrog zombie (D:11)
  6 jellies
  3 hounds
  Crazy Yiuf (D:7)
  A gnoll shaman (D:9)
  16 orc priests
  20 orc wizards
  A bullfrog skeleton (D:10)
  2 centaur skeletons
  5 iguanas
  31 worker ants
  A worker ant (shapeshifter) (Depths:3)
  4 lightning spires (Depths:4)
  A hound skeleton (D:5)
  A worker ant zombie (D:8)
  15 gnolls
  13 adders
  A white imp (D:6)
  An ufetubus (D:8)
  5 oozes
  2 adder skeletons
  An adder zombie (D:5)
  4 worms
  The ghost of Goblin1989 the Sneak, a weakling DsDe (D:5)
  2 dart slugs
  3 leopard geckos
  110 orcs
  7 giant cockroaches
  5 goblins (D:1)
  8 hobgoblins
  7 jackals
  5 quokkas
  2 ball pythons (D:3)
  6 bats
  8 frilled lizards
  A jackal zombie (D:6)
  19 kobolds
  2 leopard gecko skeletons
  A quokka skeleton (D:8)
  9 rats
  2 briar patches (Swamp:4)
  3 bushes (Lair:6)
  3 crawling corpses (Elf:3)
2413 creatures vanquished.

Vanquished Creatures (collateral kills)
  A deep elf sorcerer (Elf:3)
  A deep elf annihilator (Elf:3)
  A dancing weapon (Elf:1)
  A demonic crawler (Spider:4)
  A tarantella zombie (Spider:4)
  2 jumping spider zombies (Spider:4)
  A redback (Spider:4)
  An orc priest (D:8)
  A white imp (D:8)
10 creatures vanquished.

Vanquished Creatures (others)
  A komodo dragon (Lair:6)
  A bloated husk (Swamp:3)
  A wyvern (Lair:4)
  A kobold (D:13)
  239 blocks of ice
  A crawling corpse (Elf:3)
  8 foxfires
  98 fungi
  152 plants
  24 toadstools
  6 withered plants (D:5)
532 creatures vanquished.

Grand Total: 2955 creatures vanquished

Notes
Turn   | Place    | Note
-------+----------+-------------------------------------------
     0 | D:1      | Dani the Draconian Venom Mage began the quest for the Orb.
     0 | D:1      | Reached XP level 1. HP: 14/14 MP: 3/3
   238 | D:1      | Reached XP level 2. HP: 20/20 MP: 0/5
   293 | D:1      | Learned a level 2 spell: Poisonous Vapours
   626 | D:1      | Reached XP level 3. HP: 27/27 MP: 3/6
  1066 | D:1      | Learned a level 3 spell: Mephitic Cloud
  1545 | D:2      | Found a glowing golden altar of the Shining One.
  1556 | D:2      | Became a worshipper of the Shining One
  1575 | D:2      | Reached skill level 1 in Fighting
  1716 | D:2      | Reached skill level 4 in Poison Magic
  2148 | D:2      | Reached XP level 4. HP: 35/35 MP: 3/7
  2189 | D:2      | Found an opulent altar of Gozag.
  2194 | D:2      | Fell from the grace of the Shining One
  2194 | D:2      | Became a worshipper of Gozag Ym Sagoz the Greedy
  2328 | D:3      | Reached skill level 1 in Air Magic
  3412 | D:3      | Reached XP level 5. HP: 41/41 MP: 6/9
  4070 | D:4      | Reached skill level 3 in Spellcasting
  4098 | D:4      | Noticed Blork the orc
  4145 | D:4      | Found a staircase to the Ecumenical Temple.
  4179 | D:4      | Reached skill level 2 in Fighting
  4251 | D:4      | Reached skill level 1 in Short Blades
  4551 | D:4      | Reached skill level 2 in Air Magic
  4551 | D:4      | Reached XP level 6. HP: 48/48 MP: 5/10
  4566 | D:4      | Reached skill level 5 in Poison Magic
  4807 | D:4      | Noticed StoneSoupSpirit's ghost (amateur DsCK)
  4889 | D:4      | Found a transporter.
  4891 | D:4      | Found a transporter.
  5206 | D:4      | Reached skill level 2 in Short Blades
  5462 | D:5      | Entered Level 5 of the Dungeon
  5596 | D:5      | Your scales start taking on a lurid green colour.
  5596 | D:5      | Reached skill level 6 in Poison Magic
  5596 | D:5      | Reached XP level 7. HP: 56/56 MP: 5/12
  5596 | D:5      | Gained mutation: Your system is resistant to poisons.
                  | (rPois) [Green Draconian growth]
  5660 | D:5      | Learned a level 4 spell: Olgreb's Toxic Radiance
  5664 | D:5      | Learned a level 3 spell: Ignite Poison
  5947 | D:5      | Found a broken altar of Ashenzari.
  6125 | Temple   | Entered the Ecumenical Temple
  6150 | D:5      | Noticed Prince Ribbit
  6166 | D:5      | Killed Prince Ribbit
  6167 | D:5      | Reached skill level 3 in Fighting
  6167 | D:5      | Reached skill level 4 in Spellcasting
  6167 | D:5      | Reached skill level 7 in Poison Magic
  6328 | D:5      | Reached skill level 3 in Air Magic
  6675 | D:5      | Found a runed translucent gate.
  6942 | D:5      | Found a runed translucent gate.
  6943 | D:5      | Found a runed translucent gate.
  6944 | D:5      | Noticed Goblin1989's ghost (weakling DsDe)
  6945 | D:5      | Noticed StoneSoupSpirit's ghost (weakling DsCK)
  6965 | D:5      | Found a broken altar of Ashenzari.
  7029 | D:5      | Reached skill level 3 in Short Blades
  7080 | D:5      | Reached XP level 8. HP: 63/63 MP: 7/14
  7227 | D:5      | Reached skill level 8 in Poison Magic
  7552 | D:6      | Reached skill level 1 in Ice Magic
  7846 | D:6      | Reached skill level 1 in Evocations
  7881 | D:6      | Reached skill level 2 in Ice Magic
  8137 | D:6      | Reached skill level 3 in Ice Magic
  8137 | D:6      | Reached skill level 2 in Evocations
  8187 | D:6      | Reached skill level 2 in Stealth
  8433 | D:6      | Reached skill level 5 in Spellcasting
  8763 | D:6      | Reached skill level 3 in Stealth
  8849 | D:6      | Reached skill level 4 in Ice Magic
  9743 | D:7      | Reached skill level 3 in Evocations
  9743 | D:7      | Reached XP level 9. HP: 58/69 MP: 10/17
  9924 | D:7      | Found Lutalec's Weapon Shoppe.
  9932 | D:7      | Bought a +0 antimagic quarterstaff for 196 gold pieces
  9991 | D:7      | Reached skill level 4 in Stealth
 10218 | D:7      | Bought a +0 lajatang for 210 gold pieces
 10346 | D:7      | Identified the cursed +2 spear "Beastslayer" {vorpal,
                  | *Corrode rPois Will+}
 10374 | D:7      | Reached skill level 1 in Staves
 10375 | D:7      | Identified the +4 falchion of Terror {venom, *Rage rC+
                  | Dex+5}
 10552 | D:7      | Reached skill level 5 in Ice Magic
 10676 | D:7      | Found a glowing silver altar of Zin.
 10676 | D:7      | Found a blossoming altar of Fedhas.
 10719 | D:7      | Noticed Menkaure
 10721 | D:7      | Killed Menkaure
 10843 | D:7      | Found a runed translucent door.
 10844 | D:7      | Noticed Crazy Yiuf
 10851 | D:7      | Killed Crazy Yiuf
 11180 | D:8      | Reached skill level 2 in Staves
 11180 | D:8      | Reached skill level 5 in Stealth
 11662 | D:8      | Reached skill level 6 in Ice Magic
 11665 | D:8      | Reached skill level 6 in Spellcasting
 12110 | D:8      | Identified the +4 dagger of Capital Punishment {vorpal,
                  | +Rage Dex+3}
 12294 | D:8      | Noticed Psyche
 12304 | D:8      | Killed Psyche
 12305 | D:8      | Reached skill level 3 in Staves
 12305 | D:8      | Reached skill level 6 in Stealth
 12721 | D:9      | HP: 16/69 [acid (16)]
 13338 | D:9      | Reached XP level 10. HP: 49/69 MP: 5/19
 13534 | D:9      | Found a radiant altar of Vehumet.
 13683 | D:8      | Reached skill level 7 in Ice Magic
 13999 | D:8      | Reached skill level 7 in Stealth
 14254 | D:9      | Noticed a two-headed ogre
 14266 | D:9      | Killed a two-headed ogre
 14267 | D:9      | Reached skill level 4 in Staves
 14305 | D:9      | Noticed an elephant
 14323 | D:9      | Reached skill level 8 in Ice Magic
 14419 | D:9      | Killed an elephant
 14420 | D:9      | Reached skill level 7 in Spellcasting
 14562 | D:9      | Found a staircase to the Lair.
 14612 | D:9      | Found Acwudeg's Antique Weapon Boutique.
 14620 | D:9      | Bought a smoking quick blade for 620 gold pieces
 14620 | D:9      | Identified the +4 quick blade of the Iron City of Dis
                  | {chaos, +Blink} (You bought it in a shop on level 9 of the
                  | Dungeon)
 14626 | D:9      | Found a sacrificial altar of Ru.
 14640 | D:9      | You fall into a shaft and drop 1 floor!
 14640 | D:10     | Entered Level 10 of the Dungeon
 15149 | D:9      | Found a shadowy altar of Dithmenos.
 15433 | D:10     | Reached skill level 8 in Stealth
 16027 | D:10     | Found a staircase to the Orcish Mines.
 16047 | D:10     | Reached skill level 5 in Staves
 16298 | D:10     | Reached skill level 9 in Ice Magic
 16298 | D:10     | Reached XP level 11. HP: 74/82 MP: 6/22
 16540 | D:10     | Found Amouv's Distillery.
 16543 | D:10     | Bought a potion of haste for 130 gold pieces
 16543 | D:10     | Bought a potion of berserk rage for 65 gold pieces
 16543 | D:10     | Bought a potion of magic for 104 gold pieces
 16712 | D:11     | Noticed a cyan ugly thing
 16722 | D:11     | Killed a cyan ugly thing
 16723 | D:11     | Reached skill level 4 in Short Blades
 16723 | D:11     | Reached skill level 9 in Stealth
 17029 | D:11     | HP: 24/123 [gargoyle/+0 flail (11)]
 17701 | D:11     | Found an opulent altar of Gozag.
 18490 | D:11     | Noticed a two-headed ogre
 18495 | D:11     | Killed a two-headed ogre
 18701 | D:11     | Noticed a two-headed ogre
 18706 | D:11     | Killed a two-headed ogre
 18707 | D:11     | Reached skill level 6 in Staves
 18707 | D:11     | Reached skill level 10 in Ice Magic
 18915 | D:12     | Noticed an unseen horror
 18919 | D:12     | Killed an unseen horror
 18920 | D:12     | Reached skill level 5 in Short Blades
 18920 | D:12     | Reached skill level 8 in Spellcasting
 18920 | D:12     | Found Vuqotop's Book Shoppe.
 19078 | D:12     | Reached skill level 10 in Stealth
 19094 | D:12     | Found a frozen archway.
 19244 | D:12     | Noticed a purple ugly thing
 19256 | D:12     | Killed a purple ugly thing
 19726 | D:12     | Reached XP level 12. HP: 58/89 MP: 5/24
 20373 | D:12     | Noticed a four-headed hydra
 20382 | D:12     | Killed a four-headed hydra
 20737 | D:12     | Reached skill level 11 in Ice Magic
 20772 | D:12     | Reached skill level 7 in Staves
 20921 | D:12     | Identified a scroll of acquirement
 20921 | D:12     | Acquired a +2 pair of boots of stealth
 21081 | D:5      | Bought Ajaagoif's Volume of Cold for 682 gold pieces
 21149 | D:10     | Reached skill level 6 in Short Blades
 21149 | D:10     | Reached skill level 2 in Dodging
 21279 | Orc:1    | Entered Level 1 of the Orcish Mines
 21317 | Orc:1    | Noticed an ettin
 21319 | Orc:1    | Found a roughly hewn altar of Beogh.
 21339 | Orc:1    | Reached skill level 11 in Stealth
 21520 | Orc:1    | Killed an ettin
 22163 | Orc:1    | Reached skill level 3 in Dodging
 22415 | Orc:1    | Noticed a two-headed ogre
 22420 | Orc:1    | Killed a two-headed ogre
 22421 | Orc:1    | Reached skill level 9 in Spellcasting
 22723 | Orc:2    | Entered Level 2 of the Orcish Mines
 22934 | Orc:2    | Noticed a centaur warrior
 22937 | Orc:2    | Killed a centaur warrior
 23537 | Orc:2    | Reached skill level 12 in Ice Magic
 23877 | Orc:2    | Reached skill level 7 in Short Blades
 24367 | Orc:2    | Reached XP level 13. HP: 94/94 MP: 8/26
 24719 | Orc:2    | Found a roughly hewn altar of Beogh.
 24871 | Orc:2    | Found a staircase to the Elven Halls.
 25102 | Orc:2    | Found Tithrigi's Antique Armour Shop.
 25102 | Orc:2    | Found Faneoloa's Book Shoppe.
 25104 | Orc:2    | Found Asod's Weapon Emporium.
 25106 | Orc:2    | Found Inlaruca's Weapon Boutique.
 25403 | Orc:1    | Learned a level 6 spell: Ozocubu's Refrigeration
 25407 | Orc:1    | Learned a level 3 spell: Ozocubu's Armour
 25411 | Orc:1    | Learned a level 3 spell: Frozen Ramparts
 25413 | Orc:1    | Bought a pair of crude gloves for 323 gold pieces
 25413 | Orc:1    | Bought a pair of transparent boots for 323 gold pieces
 25413 | Orc:1    | Bought a shiny buckler for 255 gold pieces
 25413 | Orc:1    | Bought a glowing buckler for 255 gold pieces
 25426 | Orc:1    | Identified the +0 pair of gloves "Dyujun" {SInv} (You
                  | bought it in a shop on level 1 of the Orcish Mines)
 25453 | Orc:1    | Identified the -4 pair of boots of Hagiehat {rElec rPois
                  | Dex+4 Stlth-} (You bought it in a shop on level 1 of the
                  | Orcish Mines)
 25541 | Lair:1   | Entered Level 1 of the Lair of Beasts
 25770 | Lair:1   | Reached skill level 4 in Dodging
 25770 | Lair:1   | Reached skill level 12 in Stealth
 27374 | Lair:2   | Noticed Nergalle
 27381 | Lair:2   | Found a dark tunnel.
 27393 | Lair:2   | Killed Nergalle
 27502 | Volcano  | Entered a volcano
 28972 | Lair:2   | Reached skill level 5 in Dodging
 29290 | Lair:3   | Reached skill level 13 in Ice Magic
 29436 | Lair:3   | Noticed Snorg
 29437 | Lair:3   | Killed Snorg
 29438 | Lair:3   | Reached skill level 8 in Short Blades
 29944 | Lair:3   | Reached skill level 13 in Stealth
 30297 | D:5      | Bought a book of Annihilations for 1435 gold pieces
 30365 | D:5      | Killed StoneSoupSpirit's ghost
 30365 | D:5      | Killed Goblin1989's ghost
 30554 | Temple   | Fell from the grace of Gozag
 30554 | Temple   | Became a worshipper of Sif Muna the Loreminder
 30872 | Lair:3   | Reached skill level 10 in Spellcasting
 31201 | Lair:3   | Found a hole to the Spider Nest.
 31432 | Lair:3   | Found a staircase to the Swamp.
 31788 | Lair:4   | HP: 8/94 [catoblepas (47)]
 32422 | Lair:4   | Gained mutation: Your tail ends in a poisonous barb. [Green
                  | Draconian growth]
 32422 | Lair:4   | Reached XP level 14. HP: 102/102 MP: 9/28
 32457 | Lair:4   | Noticed Kirke
 32463 | Lair:4   | Killed Kirke
 32464 | Lair:4   | Reached skill level 6 in Dodging
 33281 | Lair:4   | Found a blossoming altar of Fedhas.
 33656 | Lair:5   | Noticed Sonja
 33658 | Lair:5   | Killed Sonja
 33839 | Lair:5   | Reached * piety under Sif Muna
 34186 | Lair:5   | Reached skill level 14 in Ice Magic
 34387 | Lair:5   | Reached skill level 1 in Invocations
 34859 | Lair:6   | Entered Level 6 of the Lair of Beasts
 35478 | Lair:6   | Reached skill level 2 in Invocations
 35972 | Lair:6   | Reached ** piety under Sif Muna
 36184 | Lair:6   | Reached skill level 4 in Evocations
 36214 | Lair:6   | Noticed Nessos
 36491 | Lair:6   | Reached skill level 3 in Invocations
 36491 | Lair:6   | Killed Nessos
 37721 | Lair:6   | Reached skill level 4 in Invocations
 37897 | Lair:6   | Reached skill level 5 in Evocations
 37999 | Lair:6   | Reached skill level 11 in Spellcasting
 38152 | Lair:6   | Reached *** piety under Sif Muna
 38680 | Lair:6   | Reached skill level 15 in Ice Magic
 38764 | Lair:6   | Found a staircase to the Slime Pits.
 39317 | Lair:6   | HP: 20/102 [death yak (30)]
 39844 | Lair:6   | Found a staircase to the Slime Pits.
 40689 | Lair:6   | Reached XP level 15. HP: 107/107 MP: 6/30
 40965 | Lair:6   | Reached skill level 5 in Invocations
 41262 | Lair:6   | Got a pair of distressingly furry boots
 41268 | Lair:6   | Identified the +0 pair of boots of Teer {rElec rF- Int+4}
                  | (You found it on level 6 of the Lair of Beasts)
 42769 | D:13     | Found a gate to the Vaults.
 42796 | D:13     | Reached skill level 6 in Evocations
 42973 | D:13     | Was forgiven by Gozag
 42973 | D:13     | HP: 18/107 [two-headed ogre/+0 giant spiked club (28)]
 43342 | D:13     | Reached **** piety under Sif Muna
 43987 | D:13     | Found a sacrificial altar of Ru.
 44299 | D:13     | Reached skill level 6 in Invocations
 45957 | D:14     | Reached skill level 16 in Ice Magic
 45957 | D:14     | Reached skill level 7 in Evocations
 46074 | D:14     | Reached ***** piety under Sif Muna
 46525 | D:15     | Entered Level 15 of the Dungeon
 46525 | D:15     | Noticed Azrael
 46527 | D:15     | Killed Azrael
 46528 | D:15     | Reached skill level 7 in Invocations
 46528 | D:15     | Identified Sif Muna's Handbook of Arcane Weapons (Sif Muna
                  | gifted it to you on level 15 of the Dungeon)
 46528 | D:15     | Received a gift from Sif Muna
 47071 | D:15     | Found a staircase to the Depths.
 47071 | D:15     | Noticed a fire giant
 47074 | D:15     | Killed a fire giant
 47075 | D:15     | Reached skill level 12 in Spellcasting
 47339 | D:15     | Noticed Rupert
 47346 | D:15     | Killed Rupert
 48087 | D:15     | Identified Sif Muna's Beginning Course on Witchcraft
 48885 | Spider:1 | Entered Level 1 of the Spider Nest
 48888 | Spider:1 | Reached XP level 16. HP: 105/114 MP: 24/32
 49585 | Spider:1 | Reached skill level 17 in Ice Magic
 50242 | Spider:1 | Identified Sif Muna's Almanac of Destructive Transformation
                  | (Sif Muna gifted it to you on level 1 of the Spider Nest)
 50242 | Spider:1 | Received a gift from Sif Muna
 51125 | Spider:1 | Learned a level 9 spell: Absolute Zero
 52116 | Spider:1 | Identified Sif Muna's Grimoire of Congealing Dislocation
                  | (Sif Muna gifted it to you on level 1 of the Spider Nest)
 52116 | Spider:1 | Received a gift from Sif Muna
 53084 | Spider:1 | Reached skill level 13 in Spellcasting
 53388 | Spider:1 | Reached skill level 18 in Ice Magic
 54768 | Spider:3 | Received a gift from Sif Muna
 56231 | Spider:4 | Entered Level 4 of the Spider Nest
 56235 | Spider:4 | Reached skill level 19 in Ice Magic
 56425 | Spider:4 | Reached XP level 17. HP: 119/119 MP: 16/34
 56856 | Spider:4 | Identified Toecim's Almanac of the Aerial Compass (Sif Muna
                  | gifted it to you on level 4 of the Spider Nest)
 56856 | Spider:4 | Received a gift from Sif Muna
 58700 | Spider:4 | Reached skill level 20 in Ice Magic
 59486 | D:5      | Bought Sif Muna's Grimoire of the Freezing Birds for 546
                  | gold pieces
 59491 | D:5      | Learned a level 4 spell: Summon Ice Beast
 59495 | D:5      | Learned a level 3 spell: Conjure Flame
 60442 | Spider:4 | Received a gift from Sif Muna
 61718 | Spider:4 | Got a gossamer rune of Zot
 62076 | Vaults:1 | Entered Level 1 of the Vaults
 62080 | Vaults:1 | Reached skill level 21 in Ice Magic
 62081 | Vaults:1 | HP: 24/119 [freezing wraith (6)]
 62081 | Vaults:1 | HP: 10/119 [slime creature (8)]
 62727 | Swamp:1  | Entered Level 1 of the Swamp
 62727 | Swamp:1  | Noticed Frances
 62737 | Swamp:1  | Killed Frances
 64075 | Swamp:2  | Reached XP level 18. HP: 126/126 MP: 22/35
 64184 | Swamp:2  | Identified the Collected Works on Poisonous Air
 65172 | Swamp:3  | Noticed Louise
 65178 | Swamp:3  | Killed Louise
 65414 | Swamp:3  | Acquired the ring "Zehes" {*Drain rF+ rC+ MP+9}
 65771 | Swamp:3  | Reached skill level 1 in Shields
 66334 | Swamp:4  | Entered Level 4 of the Swamp
 66595 | Swamp:4  | Reached skill level 2 in Shields
 66645 | Swamp:4  | Reached skill level 22 in Ice Magic
 66699 | Swamp:4  | Reached skill level 3 in Shields
 67208 | Swamp:4  | Got a decaying rune of Zot
 67218 | Swamp:4  | Reached skill level 4 in Shields
 68719 | Elf:1    | Entered Level 1 of the Elven Halls
 68853 | Elf:1    | Reached skill level 5 in Shields
 70850 | Elf:2    | Identified Sif Muna's Almanac of Shifting Unholy Secrets
                  | (Sif Muna gifted it to you on level 2 of the Elven Halls)
 70850 | Elf:2    | Received a gift from Sif Muna
 70974 | Elf:2    | Reached skill level 6 in Shields
 71636 | Elf:2    | Reached XP level 19. HP: 133/133 MP: 27/36
 71776 | Elf:2    | Reached skill level 23 in Ice Magic
 72326 | Elf:2    | Found a runed translucent gate.
 72326 | Elf:2    | Found a runed translucent gate.
 72326 | Elf:2    | Found a runed translucent gate.
 72441 | Elf:3    | Entered Level 3 of the Elven Halls
 73368 | Elf:3    | Reached skill level 7 in Shields
 73381 | Elf:3    | Identified the +1 short sword "Muitosy" {venom, MP+9 Str+2}
 74294 | Elf:3    | Found Riroc's Jewellery Shop.
 74296 | Elf:3    | Bought the amulet of Life {Reflect rElec rC+ SH+5} for 867
                  | gold pieces
 74763 | Elf:3    | Reached skill level 8 in Shields
 75065 | Elf:3    | Identified the +8 halberd of Fuugreal {venom, rN+ Str+3
                  | SInv}
 75113 | Elf:3    | Identified the cursed +2 spear of Elakyrebourch {freeze,
                  | rElec rF- Int+5}
 75113 | Elf:3    | Identified the +4 ring mail "Eleihoisk" {rF- Will++ Dex+4}
 75792 | Elf:3    | Identified the +7 spear of Ugemy {vorpal, *Drain Str+6
                  | Dex+4}
 76035 | Elf:3    | Identified the Catalogue of the Dusty Escort
 76037 | Elf:3    | Identified the Guide on Spatial Air
 76396 | Elf:3    | Identified the +4 demon whip of Instinct {elec, rElec rPois
                  | Int+4 Stlth+}
 76965 | Vaults:1 | Noticed Nikola
 76971 | Vaults:1 | Reached skill level 9 in Shields
 76973 | Vaults:1 | Reached skill level 14 in Spellcasting
 76978 | Vaults:1 | Killed Nikola
 76979 | Vaults:1 | Found Zizi's Assorted Antiques.
 77435 | Vaults:1 | Reached XP level 20. HP: 139/139 MP: 38/38
 77572 | Vaults:1 | Reached skill level 24 in Ice Magic
 78403 | Vaults:1 | Acquired the +5 pair of gloves of Wuestrip {rC+ MP+9}
 79538 | Vaults:1 | Found Kootit's Antique Armour Shop.
 79546 | Vaults:1 | Bought an embroidered cloak for 187 gold pieces
 79865 | Vaults:2 | Found a magical portal.
 79874 | WizLab   | Entered Wucad Mu's Monastery
 79991 | WizLab   | Found the +9 staff of Wucad Mu {channel}
 80121 | WizLab   | Reached skill level 10 in Shields
 80121 | WizLab   | Reached XP level 21. HP: 145/145 MP: 39/39
 81910 | Vaults:2 | Identified Attafrudgh's Catalogue of Black Rites (Sif Muna
                  | gifted it to you on level 2 of the Vaults)
 81910 | Vaults:2 | Received a gift from Sif Muna
 82159 | Vaults:2 | Found Cetik's General Store.
 82217 | Vaults:2 | Bought a scroll of fear for 38 gold pieces
 82358 | D:10     | Bought a potion of heal wounds for 65 gold pieces
 82358 | D:10     | Bought a potion of curing for 39 gold pieces
 82358 | D:10     | Bought a potion of cancellation for 104 gold pieces
 82358 | D:10     | Bought a potion of resistance for 130 gold pieces
 82358 | D:10     | Bought a potion of curing for 39 gold pieces
 83172 | Vaults:3 | Found Poppyutu's Antique Armour Shop.
 83201 | Vaults:3 | Noticed Boris
 83205 | Vaults:3 | Killed Boris
 83985 | Vaults:3 | Bought a pair of runed boots for 210 gold pieces
 84382 | Vaults:3 | Reached skill level 11 in Shields
 84771 | Vaults:3 | Reached skill level 15 in Spellcasting
 84891 | Vaults:3 | Found a staircase to the Crypt.
 85017 | Vaults:3 | Reached skill level 25 in Ice Magic
 86247 | Vaults:4 | Reached XP level 22. HP: 151/151 MP: 41/41
 86755 | Vaults:4 | Identified Sif Muna's Volume of Freezing Lightness (Sif
                  | Muna gifted it to you on level 4 of the Vaults)
 86755 | Vaults:4 | Received a gift from Sif Muna
 87718 | Vaults:4 | Reached skill level 4 in Fighting
 88682 | Vaults:5 | Entered Level 5 of the Vaults
 88686 | Vaults:5 | Reached skill level 5 in Fighting
 88686 | Vaults:5 | Reached skill level 12 in Shields
 88686 | Vaults:5 | Reached skill level 8 in Invocations
 88694 | Vaults:5 | Identified Sif Muna's Volume of Entrancing Fire (Sif Muna
                  | gifted it to you on level 5 of the Vaults)
 88694 | Vaults:5 | Received a gift from Sif Muna
 88700 | Vaults:5 | Reached skill level 7 in Dodging
 88700 | Vaults:5 | Reached skill level 8 in Evocations
 89193 | Vaults:5 | Noticed a golden dragon
 89199 | Vaults:5 | Killed a golden dragon
 89574 | Vaults:5 | Reached skill level 6 in Fighting
 89582 | Vaults:5 | Identified the ring "Caivvin" {+Blink Dex+6 Slay+2}
 89590 | Vaults:5 | Identified the +4 long sword of Korrarie {vorpal, +Fly
                  | Dex+3}
 90203 | Vaults:5 | Reached skill level 9 in Invocations
 90344 | Vaults:5 | Reached XP level 23. HP: 168/168 MP: 30/42
 90621 | Vaults:5 | Noticed an ancient lich
 90624 | Vaults:5 | Killed an ancient lich
 90816 | Vaults:5 | Identified the cursed +1 fustibalus "Lozeil" {vorpal, rElec
                  | Str+3}
 90998 | Vaults:5 | Reached skill level 9 in Evocations
 91126 | Vaults:5 | Reached skill level 8 in Dodging
 91176 | Vaults:5 | Reached skill level 7 in Fighting
 91535 | Vaults:5 | Identified the ring of Naqaes {Str-4 Dex+7 SInv}
 91681 | Vaults:5 | Reached skill level 16 in Spellcasting
 91830 | Vaults:5 | Identified the amulet "Direc" {Inacc Dex+2} (You found it
                  | on level 5 of the Vaults)
 91833 | Vaults:5 | Identified the Grimoire of Bewitching Displacement
 91998 | Vaults:5 | Identified the +0 pair of gloves "Bomitrue" {rF++ Str+5
                  | Int-2} (You found it on level 5 of the Vaults)
 92305 | Vaults:5 | Identified the +4 arbalest "Nujiar" {vorpal, rF+ SInv
                  | Stlth+}
 92677 | Vaults:5 | Reached skill level 13 in Shields
 92811 | Vaults:5 | Reached skill level 10 in Invocations
 92916 | Vaults:5 | Got a silver rune of Zot
 93634 | Depths:1 | Entered Level 1 of the Depths
 93880 | Depths:1 | Reached skill level 8 in Fighting
 94257 | Depths:1 | Identified the +0 cloak of Cheibriados's Hatred {-Cast rN+
                  | SInv} (You found it on level 1 of the Depths)
 94283 | Depths:1 | Received a gift from Sif Muna
 94716 | Depths:1 | Found a gateway to Hell.
 94983 | Depths:1 | Found Faashresk's Weapon Shop.
 94986 | Depths:1 | Found Tuwustui's Armour Shop.
 94986 | Depths:1 | Found Safal's Antique Weapon Boutique.
 94991 | Depths:1 | Found Waegem's Weapon Boutique.
 95291 | Depths:1 | Reached skill level 9 in Dodging
 95925 | Depths:2 | Noticed Boris
 95932 | Depths:2 | Noticed a juggernaut
 95934 | Depths:2 | Killed Boris
 95935 | Depths:2 | Reached skill level 8 in Staves
 95940 | Depths:2 | Killed a juggernaut
 95942 | Depths:2 | Noticed Asterion
 95945 | Depths:2 | Killed Asterion
 95965 | Depths:2 | Cast into level 3 of the Abyss (a lich)
 95989 | Depths:2 | Escaped the Abyss
 95995 | Depths:2 | Reached XP level 24. HP: 140/181 MP: 29/43
 96013 | Depths:2 | Reached skill level 9 in Fighting
 96189 | Depths:2 | Reached skill level 14 in Shields
 96327 | Depths:2 | Reached skill level 9 in Staves
 96454 | Depths:2 | Reached skill level 11 in Invocations
 97034 | Depths:2 | Identified Sif Muna's Almanac of Destructive Flight (Sif
                  | Muna gifted it to you on level 2 of the Depths)
 97034 | Depths:2 | Received a gift from Sif Muna
 97677 | Depths:3 | Found a one-way gate leading to the halls of Pandemonium.
 98263 | Depths:3 | Reached skill level 26 in Ice Magic
 98270 | Depths:3 | Reached skill level 10 in Staves
 98281 | Depths:3 | Reached skill level 10 in Dodging
 98456 | Depths:3 | Reached skill level 10 in Fighting
 98855 | Depths:3 | Identified the ring of Pugih {*Tele rPois rF+ rC+ Dex-4}
 99287 | Depths:3 | Reached skill level 15 in Shields
 99613 | Depths:3 | Reached skill level 11 in Staves
100018 | Depths:3 | Found a gateway to a ziggurat.
100199 | Depths:3 | Found a one-way gate to the infinite horrors of the Abyss.
100493 | Depths:4 | Reached skill level 12 in Invocations
100527 | Depths:4 | Reached XP level 25. HP: 142/196 MP: 5/43
100754 | Depths:4 | Reached skill level 17 in Spellcasting
100877 | Depths:4 | Identified Sif Muna's Reference Book on Confrontation and
                  | Beguiling (Sif Muna gifted it to you on level 4 of the
                  | Depths)
100877 | Depths:4 | Received a gift from Sif Muna
100970 | Depths:4 | Identified the +4 hand axe of the Final Chapter {pain,
                  | *Rage Will+ Str+4 Int+3}
101318 | Depths:4 | Identified the Catalogue of the Modern Artisans
101543 | Depths:4 | Reached skill level 12 in Staves
101728 | Depths:4 | Reached skill level 11 in Fighting
101831 | Depths:4 | Found a runed translucent gate.
101831 | Depths:4 | Found a runed translucent gate.
101831 | Depths:4 | Found a runed translucent gate.
101864 | Depths:4 | Identified the ring "Huhesu" {rElec rC+ rCorr Str+3 Dex-3}
102100 | Depths:4 | Found a runed translucent gate.
102100 | Depths:4 | Found a runed translucent gate.
102100 | Depths:4 | Found a runed translucent gate.
102107 | Depths:4 | Found the +2 cloak of the Thief {*Fog Slay-2 SInv Stlth+}
102112 | Depths:4 | Reached skill level 11 in Dodging
102112 | Depths:4 | Reached skill level 16 in Shields
102113 | Depths:4 | Identified the +1 dagger of Qazlal's Condemnation {holy,
                  | +Rage}
102115 | Depths:4 | Identified the +3 great mace "Wuddoq" {vorpal, Fragile
                  | Will++}
102211 | Depths:4 | Found the amulet of the Air {Inacc +Fly rElec EV+5 RMsl}
102507 | Depths:4 | Found a runed translucent door.
102642 | Depths:5 | Entered Level 5 of the Depths
102797 | Depths:5 | Reached skill level 13 in Staves
102798 | Depths:5 | Reached skill level 13 in Invocations
102814 | Depths:5 | Found a flickering gateway to a bazaar.
102858 | Bazaar   | Entered a bazaar
103047 | Bazaar   | Found Jaoth's Assorted Antiques.
103047 | Bazaar   | Found Niong's Magic Scroll Shoppe.
103053 | Bazaar   | Bought a scroll of blinking for 120 gold pieces
103065 | Bazaar   | Bought a scroll of teleportation for 45 gold pieces
103065 | Bazaar   | Bought a scroll of fog for 30 gold pieces
103083 | Bazaar   | Found Durphevo's General Store.
103083 | Bazaar   | Found Xaptul's Armour Emporium.
103089 | Bazaar   | Bought 2 potions of brilliance for 96 gold pieces
103113 | Bazaar   | Bought a scroll of magic mapping for 42 gold pieces
103113 | Bazaar   | Bought a scroll of summoning for 114 gold pieces
103132 | Bazaar   | Bought a scroll of identify for 30 gold pieces
103132 | Bazaar   | Bought a scroll of identify for 30 gold pieces
103132 | Bazaar   | Bought a scroll of fog for 30 gold pieces
103132 | Bazaar   | Bought a scroll of identify for 30 gold pieces
103144 | Bazaar   | Bought a runed scarf for 128 gold pieces
103146 | Bazaar   | Bought a potion of might for 64 gold pieces
103146 | Bazaar   | Bought a wand of digging (6) for 128 gold pieces
103361 | Depths:5 | Identified the Almanac of Unstable Flight
103644 | Depths:5 | Identified the ring "Ickoalab" {rF+ rC+ Dex+2} (You found
                  | it on level 5 of the Depths)
103819 | Depths:5 | Noticed Xtahua
103822 | Depths:5 | Killed Xtahua
104185 | Depths:5 | Reached skill level 12 in Fighting
104704 | Depths:5 | Reached XP level 26. HP: 210/210 MP: 44/44
105321 | Depths:5 | Found a gate to the Realm of Zot.
105336 | Zot:1    | Entered Level 1 of the Realm of Zot
105338 | Zot:1    | Reached skill level 17 in Shields
105583 | Zot:1    | Identified the +4 dragonskin cloak
105583 | Zot:1    | Noticed Tiamat
105586 | Zot:1    | Killed Tiamat
105594 | Zot:1    | Reached skill level 14 in Staves
106086 | Zot:1    | Reached skill level 12 in Dodging
106969 | Zot:2    | Noticed an orb of fire
106970 | Zot:2    | Killed an orb of fire
106974 | Zot:2    | Reached skill level 14 in Invocations
106975 | Zot:2    | Identified Sif Muna's Papyrus of Beguiling and Moulding
                  | (Sif Muna gifted it to you on level 2 of the Realm of Zot)
106975 | Zot:2    | Received a gift from Sif Muna
107463 | Zot:2    | Reached skill level 13 in Fighting
107472 | Zot:2    | Reached skill level 18 in Spellcasting
107932 | Zot:2    | Found a transporter.
107944 | Zot:2    | Noticed Qosocwocy's ghost (legendary FoMo)
107954 | Zot:2    | Reached skill level 18 in Shields
108004 | Zot:2    | Found a transporter.
108219 | Zot:2    | Identified the Compendium of Quantum Heat
108463 | Zot:2    | Reached skill level 15 in Staves
108653 | Zot:3    | Reached XP level 27. HP: 203/221 MP: 45/45
110240 | Zot:4    | Noticed an ancient lich
110279 | Zot:4    | Reached skill level 13 in Dodging
110292 | Zot:4    | Reached skill level 27 in Ice Magic
110307 | Zot:4    | Reached skill level 15 in Invocations
110590 | Zot:4    | Noticed an orb of fire
110591 | Zot:4    | Found a radiant altar of Vehumet.
110597 | Zot:4    | Reached skill level 14 in Fighting
110673 | Zot:4    | Found a transporter.
111380 | Zot:2    | Killed Qosocwocy's ghost
111591 | Zot:2    | Received a gift from Sif Muna
111719 | Zot:2    | Identified the cursed -3 cloak "Dosos" {rPois Str+4} (You
                  | found it on level 2 of the Realm of Zot)
111784 | Zot:5    | Entered Level 5 of the Realm of Zot
112758 | Zot:5    | Reached skill level 16 in Staves
112849 | Zot:5    | Noticed an ancient lich
112856 | Zot:5    | Killed an ancient lich
113066 | Zot:5    | Noticed an orb of fire
113169 | Zot:5    | Noticed an ancient lich
113171 | Zot:5    | Killed an ancient lich
113177 | Zot:5    | Reached skill level 19 in Shields
113234 | Zot:5    | Noticed an orb of fire
113236 | Zot:5    | Killed an orb of fire
113237 | Zot:5    | Reached skill level 15 in Fighting
113237 | Zot:5    | Reached skill level 16 in Invocations
113344 | Zot:5    | Noticed an orb of fire
113347 | Zot:5    | Killed an orb of fire
113348 | Zot:5    | Reached skill level 19 in Spellcasting
113349 | Zot:5    | Reached skill level 14 in Dodging
113429 | Zot:5    | Noticed an orb of fire
113480 | Zot:5    | Killed an orb of fire
113821 | Zot:5    | Noticed an orb of fire
113822 | Zot:5    | Killed an orb of fire
113827 | Zot:5    | Noticed an orb of fire
113829 | Zot:5    | Noticed an orb of fire
113830 | Zot:5    | Killed an orb of fire
113830 | Zot:5    | Received a gift from Sif Muna
113833 | Zot:5    | Killed an orb of fire
113865 | Zot:5    | Gained mutation: Your body sometimes deteriorates upon
                  | taking damage. [an orb of fire]
113867 | Zot:5    | Killed an orb of fire
115289 | D:4      | Killed Blork the orc
115296 | D:4      | Lost mutation: Your body sometimes deteriorates upon taking
                  | damage. [potion of mutation]
115296 | D:4      | Gained mutation: You evolve. [potion of mutation]
115296 | D:4      | Gained mutation: You have large cloven feet. [potion of
                  | mutation]
115296 | D:4      | Gained mutation: Your muscles are strong. (Str +2) [potion
                  | of mutation]
115297 | D:4      | Lost mutation: You evolve. [potion of mutation]
115297 | D:4      | Lost mutation: You have large cloven feet. [potion of
                  | mutation]
115297 | D:4      | Lost mutation: Your muscles are strong. (Str +2) [potion of
                  | mutation]
115297 | D:4      | Gained mutation: You have a pair of small horns on your
                  | head. [potion of mutation]
115297 | D:4      | Gained mutation: Your spells are a little easier to cast,
                  | but a little less powerful. [potion of mutation]
115297 | D:4      | Gained mutation: You have a pair of horns on your head.
                  | [potion of mutation]
115298 | D:4      | Lost mutation: You have a pair of horns on your head.
                  | [potion of mutation]
115298 | D:4      | Lost mutation: Your spells are a little easier to cast, but
                  | a little less powerful. [potion of mutation]
115298 | D:4      | Lost mutation: You have a pair of small horns on your head.
                  | [potion of mutation]
115298 | D:4      | Gained mutation: You possess an exceptional clarity of
                  | mind. [potion of mutation]
115298 | D:4      | Gained mutation: You are agile. (Dex +2) [potion of
                  | mutation]
115893 | Zot:5    | Got the Orb of Zot
115942 | Zot:3    | Noticed Ciomylae the pandemonium lord
115953 | Zot:3    | Killed Ciomylae the pandemonium lord
116041 | Depths:5 | Noticed Voyr the pandemonium lord
116042 | Depths:5 | Killed Voyr the pandemonium lord
116164 | Depths:2 | Noticed Uphoifui the pandemonium lord
116165 | Depths:2 | Reached skill level 16 in Fighting
116165 | Depths:2 | Reached skill level 17 in Staves
116168 | Depths:2 | Killed Uphoifui the pandemonium lord
116474 | D:4      | Reached skill level 17 in Invocations
116509 | D:1      | Noticed Xeshros the pandemonium lord
116510 | D:1      | Killed Xeshros the pandemonium lord
116524 | D:$      | Escaped with the Orb!

Illustrated notes

Levels and vault maps discovered:
D:1:      lightli_arrival_windingriver, layout_basic
D:2:      layout_rooms, marbit_many_paths, nicolae_tso_carved_into_rock,
          item_on_display_a
D:3:      layout_basic, dancing_weapons_uskayaw, minmay_gold_behind_fungi,
          fountainhead
D:4:      layout_gridville, temple_pool_b, gammafunk_ghost_mausoleum,
          uniq_blork_the_orc
D:5:      layout_loops_ring, lemuel_round_altar, gammafunk_ghost_cemetery,
          ashenzari_altar_1, uniq_prince_ribbit1
D:6:      layout_basic, minmay_manual_mail
D:7:      layout_loops_cross, amethyst_overflow_temple_binary, serial_shops,
          nicolae_shop_stone, uniq_crazy_yiuf_cottage, uniq_menkaure
D:8:      layout_cave_pools, uniq_psyche
D:9:      layout_rooms, overflow_temple_1_default, overflow_temple_1_default,
          david_lair_generic, serial_shops, shop,
          nicolae_dithmenos_shadow_blocks
D:10:     layout_rooms, kennysheep_orc_monster_closet_entryway, serial_shops,
          kennysheep_mini
D:11:     layout_basic, basic_altar
D:12:     layout_basic, serial_shops, shop, portal_ice_cave_rime, special_room
          [special_room_orc]
D:13:     layout_gridville, erik_vaults_1, basic_altar, lemuel_flamethrower_2
D:14:     layout_roguey, serial_bayou_pond_e
D:15:     grunt_enter_depths_giant_problem, layout_irregular_city,
          kennysheep_crisscross, uniq_azrael, uniq_rupert
Temple:   nicolae_temple_great_sept
Lair:1:   layout_chaotic_city, amcnicky_mini_pool_medium, serial_bayou_shore_a
Lair:2:   layout_gridlike, nicolae_volcano_entry_lava_flow, wad_woods_01,
          grunt_megastairs_2, lemuel_fruit_tree, serial_bayou_shore_b,
          serial_bayou_shore_b, uniq_nergalle
Lair:3:   layout_loops_ring, minmay_swamp_entry_worms,
          nicolae_spider_entry_orb_guardian, uniq_snorg
Lair:4:   layout_layer_cave, serial_bayou_pond_d, tgw_fedhas, uniq_kirke
Lair:5:   layout_roguey, uniq_sonja
Lair:6:   grunt_lair_end_beastmaster, layout_hall_layers,
          minmay_slime_entry_oklob_enclosed, disabler_island, uniq_nessos
Swamp:1:  layout_falls_marsh, evilmike_swamp_ruin_house_1, swamp_pool1,
          nicolae_swamp_oklob_treasure_island, uniq_frances
Swamp:2:  layout_falls_marsh, evilmike_swamp_ruin_house_4
Swamp:3:  layout_basic_swamp, evilmike_swamp_ruin_house_3, swamp_pool1,
          uniq_louise
Swamp:4:  swamp_basic_johnstein, layout_basic_swamp, swamp_pool4
Spider:1: spiders_nest_scorpion_pit, minivault_29
Spider:2: layout_spider_delve, hangedman_spider_tarantella_strand
Spider:3: layout_spider_delve, nicolae_spider_cling_ruins
Spider:4: floodkiller_spider_rune_tomb, nicolae_spider_webbed_stairs
Orc:1:    layout_caves, amcnicky_altar_gilded
Orc:2:    st_orc_rangers, layout_caves, basic_altar
Elf:1:    eino_elf_arrival_shootout, layout_geoelf_octagon, evilmike_minifort
Elf:2:    layout_gridlike
Elf:3:    minmay_elf_hall_curves, layout_rooms, serial_shops, shop,
          nicolae_elf_big_sculpture_2, drop_trap, minivault_5,
          grunt_megastairs_5
Vaults:1: v_alt_pattern_4, ontoclasm_vaults_loading_screen,
          ontoclasm_vaults_ring_large, hangedman_vaults_slice, v_misc_12,
          v_misc_24, vaults_room_hangedman_quadrants, vaults_room_hallway,
          nicolae_vaults_little_squares_4, vaults_mumra_hex,
          layout_vaults_quadrants, serial_shops, shop_fountains, shop,
          portal_desolation_entry_nicolae_nacl, uniq_nikola
Vaults:2: v_misc_26, ontoclasm_vaults_gateway, ontoclasm_vaults_echo,
          vaults_mumra_hexcomb, nicolae_vaults_gold_heap, v_misc_30,
          nicolae_vaults_little_squares_2, grunt_vaults_twisty, v_misc_27,
          v_misc_3, vaults_room_grid, nicolae_vaults_angled_halls,
          layout_vaults_maze_snakey, serial_glass, mu_enter_wizlab_6,
          serial_shops, shop
Vaults:3: v_misc_14, ontoclasm_vaults_claustrophobia, v_rooms_3,
          minmay_crypt_entry_skeletal_spiral, hangedman_vaults_capsules,
          vaults_room_fancy_cross, v_misc_17, grunt_vaults_hallway_short,
          vaults_mumra_lcd, vaults_room_fours, layout_vaults_big_room,
          serial_shops, shop, uniq_boris
Vaults:4: nicolae_vaults_minivaults, vaults_dpeg_spiral,
          nicolae_vaults_network_quinsquares
          [nicolae_vaults_network_quincunx_subvault,
          nicolae_vaults_network_quincunx_subvault,
          nicolae_vaults_network_quincunx_subvault,
          nicolae_vaults_network_quincunx_subvault], v_misc_24,
          ontoclasm_vaults_chip, nicolae_vaults_network_periphery,
          hangedman_vaults_corner_blocks, v_misc_10, vaults_dpeg_diagonal,
          nicolae_vaults_little_ls, ontoclasm_vaults_shuriken,
          grunt_vaults_hallway_short, layout_vaults_ring
Vaults:5: serial_shops
Depths:1: layout_gridlike, pf_hell_entry_tar_river, solitary_fountain,
          hex_medium, minivault_14, minmay_stone_trees_medium,
          chequers_serial_rivers_large_a, laboratory, minmay_shoptagon,
          infiniplex_staircase_pool_lava
Depths:2: minmay_strange_plus, layout_gridlike, grunt_hell_horde,
          minmay_misc_feat_enclosed, minmay_misc_feat_square,
          infiniplex_staircase_pillars_1, uniq_asterion
Depths:3: minmay_big_diamond_grid, layout_gridlike, enter_ziggurat_f, hex_tiny,
          hell_entry, abyss_entry_crystal, rand_demon_pan_entry_5
Depths:4: kennysheep_treasure_stockpile, layout_cave_pools, hell_entry,
          nicolae_abyss_entry_one_way_or_another, glass_columns_a,
          hangedman_aerie_drop
Depths:5: grunt_zot_entry_hairpin, layout_small_grid,
          chequers_serial_rivers_room_a, special_room [special_room_jelly],
          hangedman_abyss_entry_splay, serial_shops, bzr_entry_islet,
          hell_entry, grunt_megastairs_1, uniq_xtahua
Zot:1:    layout_misc_corridors, uniq_tiamat
Zot:2:    layout_onion, gammafunk_ghost_berserking_beasts, grunt_megastairs_4
Zot:3:    layout_gridlike
Zot:4:    gammafunk_sealed_library, layout_basic
Zot:5:    layout_twisted_circle, grunt_ministairs_8

Skill      XL: |  1  2  3  4  5  6  7  8  9 10 11 12 13 14 15 16 17 18 19 20 21 22 23 24 25 26 27 |
---------------+----------------------------------------------------------------------------------+-----
Fighting       | 1 2 3 6 8 10 12 13 16 | 16.1
Poison Magic   | 4 6 7 8 |  8.0
Air Magic      | 1 2 3 |  3.5
Spellcasting   | 3 4 5 6 7 8 9 10 11 12 13 14 15 16 17 18 19 | 19.5
Short Blades   | 1 2 3 5 7 8 |  8.0
Ice Magic      | 4 6 9 10 12 13 15 16 19 21 22 23 24 25 26 27 | 27.0
Evocations     | 3 5 7 8 9 |  9.0
Stealth        | 3 6 8 10 11 13 | 13.0
Staves         | 3 5 6 7 8 11 13 15 17 | 17.1
Dodging        | 3 5 6 7 9 10 11 12 14 | 14.8
Invocations    | 4 7 9 10 12 13 14 17 | 17.0
Shields        | 6 9 10 11 12 13 15 16 18 19 | 19.7
Transmutations | |  1.0

Action                   |  1- 3 |  4- 6 |  7- 9 | 10-12 | 13-15 | 16-18 | 19-21 | 22-24 | 25-27 || total
-------------------------+-------+-------+-------+-------+-------+-------+-------+-------+-------++-------
Melee: Unarmed           |     1 |       |       |       |       |       |       |       |       ||     1
       Short sword       |       |    39 |    55 |       |       |       |       |       |       ||    94
       Tailslap          |       |     4 |    14 |    46 |    36 |    22 |    24 |     3 |     1 ||   150
       Lajatang          |       |       |   109 |    42 |       |       |       |       |       ||   151
       Quarterstaff      |       |       |     8 |       |       |       |       |       |       ||     8
       Quick blade       |       |       |       |   358 |   205 |   167 |   167 |    25 |       ||   922
       Staff             |       |       |       |       |    11 |     2 |       |       |    20 ||    33
 Cast: Sting             |    81 |     4 |    28 |     8 |       |       |       |       |       ||   121
       Poisonous Vapours |     9 |    70 |   208 |   325 |    78 |       |       |       |       ||   690
       Ignite Poison     |       |       |       |    55 |    71 |    16 |     5 |       |       ||   147
       Olgreb's Toxic Ra |       |       |       |    32 |    94 |    30 |     2 |       |       ||   158
       Ozocubu's Refrige |       |       |       |       |   321 |   657 |   425 |   620 |   434 ||  2457
       Frozen Ramparts   |       |       |       |       |       |     4 |     1 |       |       ||     5
       Ozocubu's Armour  |       |       |       |       |       |     3 |       |       |       ||     3
       Summon Ice Beast  |       |       |       |       |       |    52 |    30 |       |       ||    82
       Absolute Zero     |       |       |       |       |       |     2 |    23 |    71 |   149 ||   245
Invok: Call Merchant     |       |       |     1 |       |     1 |       |       |       |       ||     2
       Channel Magic     |       |       |       |       |       |    31 |    15 |    30 |    23 ||    99
 Abil: Breathe Noxious F |       |       |    17 |    32 |    24 |    15 |     7 |       |       ||    95
       Evoke Blink       |       |       |       |       |       |     2 |       |       |       ||     2
Evoke: Wand              |       |       |     5 |     7 |     1 |       |     4 |       |     3 ||    20
       Condenser vane    |       |       |       |       |       |       |     1 |       |       ||     1
  Use: Scroll            |       |       |    18 |     5 |    14 |     7 |    10 |     8 |    10 ||    72
       Potion            |       |       |       |     2 |       |     3 |     2 |     1 |     6 ||    14
 Stab: Sleeping          |       |     1 |     3 |     4 |     2 |       |     1 |       |     1 ||    12
       Distracted        |       |       |     3 |       |       |       |       |       |       ||     3
       Confused          |       |       |       |     6 |     2 |       |     3 |       |       ||    11
       Petrifying        |       |       |       |     2 |     1 |     1 |       |       |       ||     4
       Paralysed         |       |       |       |     1 |     1 |     4 |     1 |     1 |       ||     8
       Petrified         |       |       |       |     1 |     1 |     1 |       |       |       ||     3
Armor: Skin              |    18 |     4 |    44 |    83 |    64 |   156 |    42 |    14 |    38 ||   463
Dodge: Dodged            |    29 |    26 |   135 |   181 |   110 |   159 |    46 |    31 |    77 ||   794
Block: Buckler           |       |       |       |       |    30 |    33 |    20 |       |       ||    83
       Kite shield       |       |       |       |       |       |       |    70 |    65 |    82 ||   217
       Reflection        |       |       |       |       |       |       |    15 |    27 |    19 ||    61

Table legend: (Time is in decaauts)
 A = Elapsed time spent in this place.
 B = Non-inter-level travel time spent in this place.
 C = Inter-level travel time spent in this place.
 D = Time resting spent in this place.
 E = Time spent auto-exploring this place.
 F = Levels seen in this place.
 G = Mean time per level.
                   A        B        C        D        E       F      G
               +--------+--------+--------+--------+--------+-----+--------+
         Total | 116628 | 107003 |   9625 |  15940 |  77878 |  54 | 2159.8 |
       Dungeon |  31745 |  27702 |   4043 |   5841 |  16605 |  15 | 2116.3 |
        Temple |     68 |     57 |     11 |      0 |     41 |   1 |   68.0 |
          Lair |  17866 |  16309 |   1557 |   3640 |  11142 |   6 | 2977.7 |
         Swamp |   5820 |   5563 |    257 |    632 |   4522 |   4 | 1455.0 |
   Spider Nest |  11056 |  10529 |    527 |   2208 |   7115 |   4 | 2764.0 |
  Orcish Mines |   4416 |   4131 |    285 |    747 |   2828 |   2 | 2208.0 |
   Elven Halls |   8095 |   7626 |    469 |   1541 |   5357 |   3 | 2698.3 |
        Vaults |  14989 |  13994 |    995 |    355 |  12468 |   5 | 2997.8 |
        Depths |  12229 |  11339 |    890 |    484 |   9515 |   5 | 2445.8 |
           Zot |   9608 |   9020 |    588 |    408 |   7896 |   5 | 1921.6 |
         Abyss |     23 |     23 |      0 |      0 |     13 |   1 |   23.0 |
        Bazaar |    299 |    299 |      0 |      0 |    242 |   1 |  299.0 |
       Volcano |     20 |     20 |      0 |      0 |      0 |   1 |   20.0 |
        Wizlab |    386 |    386 |      0 |     84 |    132 |   1 |  386.0 |
               +--------+--------+--------+--------+--------+-----+--------+

Top non-repeatable levels by time:
  Lair:6: 4609 daAuts
Vaults:4: 4028 daAuts
Spider:4: 4017 daAuts
  Lair:3: 3938 daAuts
   Elf:3: 3722 daAuts
    D:13: 3703 daAuts
Vaults:5: 3574 daAuts
Spider:1: 3116 daAuts
    D:12: 3086 daAuts
   Zot:5: 3053 daAuts
Vaults:1: 3027 daAuts
  Lair:5: 2790 daAuts
Depths:5: 2771 daAuts
  Lair:2: 2695 daAuts
Depths:3: 2683 daAuts

Table legend:
 A = Kills in this place as a percentage of kills in entire the game.
 B = Kills by you in this place as a percentage of kills by you in the entire game.
 C = Kills by friends in this place as a percentage of kills by friends in the entire game.
 D = Other kills in this place as a percentage of other kills in the entire game.
 E = Experience gained in this place as a percentage of experience gained in the entire game.
 F = Experience gained in this place divided by the number of levels of this place that you have seen.
                   A       B       C       D       E      F
               +-------+-------+-------+-------+-------+----------------------
         Total | 100.0 | 100.0 | 100.0 | 100.0 | 100.0 | 33267.8
       Dungeon |  21.0 |  20.9 |  20.0 |  40.0 |   4.9 | 5905.5
        Temple |   0.0 |   0.0 |   0.0 |   0.0 |   0.0 | 133.0
          Lair |   7.8 |   7.8 |   0.0 |   0.0 |   3.7 | 11150.5
         Swamp |   3.9 |   4.0 |   0.0 |   0.0 |   3.6 | 16110.0
   Spider Nest |  13.3 |  13.2 |  50.0 |  20.0 |   6.6 | 29645.0
  Orcish Mines |   3.6 |   3.6 |   0.0 |   0.0 |   0.7 | 6005.5
   Elven Halls |   6.1 |   6.0 |  30.0 |   0.0 |   6.4 | 38406.0
        Vaults |  17.1 |  17.1 |   0.0 |  40.0 |  19.8 | 71037.4
        Depths |  18.3 |  18.4 |   0.0 |   0.0 |  24.4 | 87846.0
           Zot |   8.8 |   8.8 |   0.0 |   0.0 |  29.7 | 106841.2
         Abyss |   0.0 |   0.0 |   0.0 |   0.0 |   0.0 | 300.0
       Volcano |   0.0 |   0.0 |   0.0 |   0.0 |   0.0 | 529.0
        Wizlab |   0.0 |   0.0 |   0.0 |   0.0 |   0.1 | 1143.0
               +-------+-------+-------+-------+-------+----------------------
